 Dungeon Crawl Stone Soup version 0.22-a0-248-gc8378ba (webtiles) character file.

526 MatthieuS the Charlatan (level 7, 0/52 HPs)
             Began as a Demonspawn Artificer on Feb 28, 2018.
             Slain by a jelly (2 damage)
             ... on level 6 of the Dungeon.
             The game lasted 00:13:59 (3797 turns).

MatthieuS the Charlatan (Demonspawn Artificer)      Turns: 3797, Time: 00:13:59

Health: 0/52       AC: -2    Str: 14    XL:     7   Next: 2%
Magic:  0/10       EV: 12    Int: 13    God:
Gold:   217        SH:  0    Dex: 13    Spells: 6/6 levels left

rFire    . . .     SeeInvis .   A - +3 war axe
rCold    . . .     Gourm    .   (no shield)
rNeg     . . .     Faith    .   h - +0 ring mail
rPois    .         Spirit   +   t - +0 helmet
rElec    .         Reflect  .   n - +1 cloak
rCorr    .         Harm     .   (no gloves)
MR       .....                  (no boots)
Stlth    ..........             (no amulet)
HPRegen  0.17/turn              (no ring)
MPRegen  0.12/turn              (no ring)

@: confused, corroded
A: molten scales 1, powered by death 2, magic shield
a: no special abilities


You were on level 6 of the Dungeon.
You were not hungry.

You visited 1 branch of the dungeon, and saw 5 of its levels.
You also visited: Ossuary.

You collected 217 gold pieces.

Inventory:

Hand Weapons
 a - a +1 rapier of flaming
 w - a +0 blowgun
 A - a +3 war axe (weapon)
Armour
 b - a +0 leather armour
 h - a +0 ring mail (worn)
 n - a +1 cloak (worn)
 q - a +2 plate armour of positive energy
 t - a +0 helmet (worn)
Wands
 c - a wand of flame (2)
 d - a wand of enslavement (2)
 e - a wand of random effects (13)
Scrolls
 g - a scroll of fear {unknown}
 k - a scroll of blinking
 m - a scroll of magic mapping {unknown}
 r - a scroll of remove curse {unknown}
 s - 5 scrolls of teleportation
 u - a scroll of enchant armour {unknown}
 z - 2 scrolls of noise {unknown}
 E - 2 scrolls of random uselessness {unknown}
 F - a scroll of summoning {unknown}
Potions
 i - 3 potions of curing {unknown}
 j - 3 potions of might
 l - 2 potions of heal wounds {unknown}
 o - a potion of haste {unknown}
 p - 3 potions of mutation {unknown}
 v - 2 potions of brilliance {unknown}
 x - 3 potions of lignification {unknown}
 C - a potion of ambrosia {unknown}
 D - a potion of flight {unknown}
 G - 2 potions of agility {unknown}
Comestibles
 f - 7 rations


   Skills:
 + Level 3.2 Fighting
 - Level 2.6 Short Blades
 * Level 1.3 Axes
 - Level 1.3 Throwing
 + Level 3.5 Dodging
 - Level 2.3 Stealth
 + Level 4.3 Evocations


You had 6 spell levels left.
You didn't know any spells.

Dungeon Overview and Level Annotations

Branches:
Dungeon (4/15)
 Temple: D:4-7

Altars:
Qazlal
Ru


Innate Abilities, Weirdness & Mutations

You are partially covered in molten scales. (AC +2)
You regenerate health from kills.
When hurt, damage is shared between your health and your magic reserves.


Message History

A puff of flame appears from out of thin air!
The puff of flame misses you.
You hit the jelly.
Your hands burn!
The jelly is heavily wounded.
You closely miss something. The jelly hits you. The acid corrodes you!
You are splashed with acid!
The acid burns!
You hear some strange, mumbled words.
You are confused.
Unknown command.
You barely miss something. You closely miss the jelly. The jelly hits you.
You are splashed with acid!
The acid burns!
Something hits you.
* * * LOW HITPOINT WARNING * * *
The jelly hits you.
* * * LOW HITPOINT WARNING * * *
The acid corrodes you!
You are splashed with acid!
The acid burns!
* * * LOW HITPOINT WARNING * * *
Something hits you.
* * * LOW HITPOINT WARNING * * *
You bump into the rock wall.
The jelly hits you.
You die...

#######
############.....#
..............##.##
.#########J.####..#
##### ####.†@......#
......##..[){#..#...#
...).....###.#......#
....>.#### #........#
..... #.#......# ....
#..#.#...# ###
#........# ###......#
########


You could see a jelly.

Vanquished Creatures
  A scorpion (D:4)
  A howler monkey (D:6)
  A centaur zombie (Ossuary)
  A human zombie (Ossuary)
  A jelly (D:3)
  2 orc wizards
  An orc priest (D:4)
  Terence (D:2)
  2 big kobold zombies (Ossuary)
  2 mummies (Ossuary)
  Robin (D:2)
  3 adders
  An ooze (D:3)
  2 worms
  2 dart slugs (D:2)
  3 leopard geckos
  13 orcs
  A ball python (D:4)
  4 bats
  4 giant cockroaches
  14 goblins
  8 hobgoblins
  6 jackals
  5 kobolds
  3 quokkas
  3 frilled lizards
  2 goblin zombies (Ossuary)
  A kobold zombie (Ossuary)
  An orc zombie (Ossuary)
  7 rats
97 creatures vanquished.

Vanquished Creatures (collateral kills)
  An orc priest (D:4)
  2 mummies (Ossuary)
  A jackal (D:2)
4 creatures vanquished.

Vanquished Creatures (others)
  3 orcs
  A goblin (D:3)
  2 jackals (D:2)
6 creatures vanquished.

Grand Total: 107 creatures vanquished

Notes
Turn   | Place    | Note
-------+----------+-------------------------------------------
     0 | D:1      | MatthieuS the Demonspawn Artificer began the quest for the Orb.
     0 | D:1      | Reached XP level 1. HP: 15/15 MP: 3/3
    36 | D:1      | Reached skill level 1 in Short Blades
    36 | D:1      | Reached skill level 1 in Stealth
   149 | D:1      | Gained mutation: When hurt, damage is shared between your health and your magic reserves. [demonic ancestry]
   149 | D:1      | Reached XP level 2. HP: 7/21 MP: 4/4
   864 | D:2      | Gained mutation: You regenerate a little health from kills. [demonic ancestry]
   864 | D:2      | Reached XP level 3. HP: 26/26 MP: 5/5
  1207 | D:2      | Noticed Robin
  1229 | D:2      | Gained mutation: You regenerate health from kills. [demonic ancestry]
  1229 | D:2      | Reached XP level 4. HP: 33/33 MP: 6/6
  1259 | D:2      | Killed Robin
  1317 | D:2      | Noticed Terence
  1345 | D:2      | Killed Terence
  1745 | D:3      | Gained mutation: You are partially covered in molten scales. (AC +2) [demonic ancestry]
  1745 | D:3      | Reached XP level 5. HP: 34/38 MP: 7/7
  1776 | D:3      | Found a sacrificial altar of Ru.
  2876 | D:4      | Reached skill level 4 in Evocations
  2876 | D:4      | Reached XP level 6. HP: 42/46 MP: 6/9
  2929 | D:4      | Reached skill level 1 in Throwing
  3107 | D:4      | Noticed a fire elemental
  3109 | D:4      | Found a stormy altar of Qazlal.
  3110 | D:4      | Noticed a water elemental
  3110 | D:4      | Noticed an air elemental
  3250 | D:4      | You fall through a shaft for 2 floors!
  3250 | D:6      | Found a sand-covered staircase.
  3255 | Ossuary  | Entered an ossuary
  3759 | D:6      | Reached skill level 1 in Axes
  3792 | D:6      | Reached XP level 7. HP: 39/52 MP: 7/10
  3796 | D:6      | HP: 1/52 [something (6)]
  3797 | D:6      | Slain by a jelly

Vault maps used:
D:1:      onia_arrival_mini_maze, serial_park_tiny_pond, minmay_small_reverse_x
D:2:      first_ration, uniq_terence, uniq_robin
D:3:      hangedman_ru_absence
D:4:      nicolae_qazlal_style_of_elements, minmay_tree_intersection
D:6:      lemuel_blue_sif_altar, nicolae_ossuary_entry_ruins,
          minmay_unpleasant_kobolds
Ossuary:  ossuary_crypta

Skill      XL: |  1  2  3  4  5  6 |
---------------+-------------------+-----
Short Blades   | 1 2 |  2.6
Stealth        | 1 2 |  2.3
Dodging        | 2 3 |  3.5
Fighting       | 2 3 |  3.2
Evocations     | 4 |  4.3
Throwing       | 1 |  1.3
Axes           | 1 |  1.3

Action                   |  1- 3 |  4- 6 |  7- 9 || total
-------------------------+-------+-------+-------++-------
Melee: Short sword       |   175 |   184 |       ||   359
       Rapier            |       |    87 |       ||    87
       War axe           |       |    30 |     4 ||    34
Evoke: Wand              |     5 |    23 |       ||    28
  Use: Scroll            |       |     6 |       ||     6
 Stab: Sleeping          |     1 |     1 |       ||     2
       Paralysed         |       |     1 |       ||     1
  Eat: Chunk             |     1 |     7 |       ||     8
       Ration            |       |     1 |       ||     1
Armor: Ring mail         |    80 |   118 |     3 ||   201
Dodge: Dodged            |    95 |   191 |     2 ||   288

Table legend:
 A = Spawn XP
 B = Non-spawn XP
 C = Spawn XP percentage of total XP
 D = Spawn monster count
 E = Non-spawn monster count
 F = Spawn count percentage of total count
 G = Total turns spent on level
                    A         B        C        D         E        F      G
               +---------+---------+-------+---------+---------+-------+---------
         Total |       0 |     752 |   0.0 |       0 |     102 |   0.0 |  3797
               +---------+---------+-------+---------+---------+-------+---------
           D:1 |       0 |      35 |   0.0 |       0 |      20 |   0.0 |   803
           D:2 |       0 |     119 |   0.0 |       0 |      32 |   0.0 |   808
           D:3 |       0 |     102 |   0.0 |       0 |      22 |   0.0 |   873
           D:4 |       0 |     201 |   0.0 |       0 |      12 |   0.0 |   766
           D:6 |       0 |     103 |   0.0 |       0 |       4 |   0.0 |    67
       Ossuary |       0 |     192 |   0.0 |       0 |      12 |   0.0 |   480
               +---------+---------+-------+---------+---------+-------+---------
